 Dungeon Crawl Stone Soup version 0.29-a0-284-gf9362112df (webtiles) character file.

Game seed: 13146887730610139700

29543 sammy202020 the Fighter (level 13, 0/89 HPs)
             Began as a Gargoyle Berserker on Mar 16, 2022.
             Was a High Priest of Trog.
             Slain by a merfolk impaler
             ... wielding a +9 trident
              (10 damage)
             ... on level 1 of the Shoals.
             The game lasted 00:27:48 (11734 turns).

sammy202020 the Fighter (Gargoyle Berserker)       Turns: 11734, Time: 00:27:49

Health: 0/89       AC: 37    Str: 22    XL:     13   Next: 45%
Magic:  13/13      EV:  9    Int: 10    God:    Trog [*****.]
Gold:   821        SH:  0    Dex:  9    Spells: 12/12 levels left

rFire   . . .      SeeInvis .   A - +6 morningstar (freeze)
rCold   . . .      Faith    .   (no shield)
rNeg    + + .      Spirit   .   B - +0 plate armour
rPois   ∞          Reflect  .   e - +1 helmet
rElec   +          Harm     .   g - +0 cloak of the Orcish Mines {Regen+}
rCorr   .          Rampage  .   J - +0 pair of gloves
Will    ++...      Clarity  +   F - +0 pair of boots
Stlth   ..........              j - amulet of regeneration
HPRegen 2.84/turn               Q - ring of positive energy
MPRegen 0.13/turn               D - +4 ring of protection

@: strong-willed, on berserk cooldown, regenerating, studying Slings, unable to
read, very slow
A: sickness immunity, AC +9, negative energy resistance 1, electricity
resistance, torment resistance 1, petrification resistance, clarity, dopey 1,
inability to read while threatened
a: Renounce Religion, Berserk, Trog's Hand, Brothers in Arms


You were on level 1 of the Shoals.
You worshipped Trog.
Trog was extremely pleased with you.
You visited 4 branches of the dungeon, and saw 16 of its levels.

You collected 925 gold pieces.
You spent 104 gold pieces at shops.

Inventory:

Hand Weapons
 m - a +0 flail
 s - a +1 dire flail of chaos
 x - a +1 flail of protection
 A - a +6 morningstar of freezing (weapon)
 P - a +2 demon whip of venom
Missiles
 y - 2 throwing nets (quivered)
 M - 2 poisoned darts
 U - 4 boomerangs
Armour
 e - a +1 helmet (worn)
 g - the +0 cloak of the Orcish Mines (worn) {Regen+}
   (You found it on level 3 of the Dungeon)

   Regen:     It increases your rate of health regeneration.
 k - a +0 cloak
 B - a +0 plate armour (worn)
 F - a +0 pair of boots (worn)
 J - a +0 pair of gloves (worn)
 W - a +0 tower shield
Jewellery
 f - an amulet of guardian spirit
 j - an amulet of regeneration (around neck)
 n - a +6 ring of dexterity
 t - a ring of fire
 D - a +4 ring of protection (right hand)
 Q - a ring of positive energy (left hand)
 S - a ring of protection from cold
Wands
 h - a wand of paralysis (7)
 p - a wand of polymorph (24)
 w - a wand of flame (34)
 G - a wand of acid (9)
 K - a wand of mindburst (10)
 R - a wand of digging (3)
 V - a wand of charming (2)
Scrolls
 l - a scroll of magic mapping
 o - 5 scrolls of teleportation
 C - a scroll of summoning
 H - a scroll of brand weapon
 I - 2 scrolls of fog
 O - a scroll of enchant armour
 T - a scroll of identify
Potions
 a - 2 potions of ambrosia
 b - 5 potions of brilliance
 c - 3 potions of haste
 d - a potion of lignification {unknown}
 i - 2 potions of attraction
 q - 2 potions of flight {unknown}
 r - 5 potions of curing {unknown}
 u - 6 potions of heal wounds
 v - 4 potions of degeneration {unknown}
 z - 2 potions of magic {unknown}
 L - a potion of cancellation {unknown}
 N - a potion of mutation
 X - a potion of might
Miscellaneous
 E - a phial of floods


   Skills:
 * Level 13.6 Fighting
 * Level 12.5 Maces & Flails
 * Level 13.3 Armour
 + Level 7.4 Dodging
 + Level 1.3 Shields


You had 12 spell levels left.
You didn't know any spells.
Your spell library was empty.

Dungeon Overview and Level Annotations

Branches:
Dungeon (11/15)            Temple (1/1) D:6            Lair (3/6) D:11
 Shoals (1/4) Lair:3          Orc (0/2) D:11
  Snake: Lair:2-4    Spider: Lair:2-4

Altars:
Ashenzari
Cheibriados
Dithmenos
Elyvilon
Fedhas
Gozag
Hepliaklqana
Kikubaaqudgha
Makhleb
Nemelex Xobeh
Okawaru
Qazlal
Ru
Sif Muna
Trog
Uskayaw
Vehumet
Wu Jian
Xom
Yredelemnul
Zin
The Shining One
Lugonu

Shops:
D:2 ?   D:3 *   D:9 *   D:10 [([:


Innate Abilities, Weirdness & Mutations

You are immune to sickness and miasma.
Your stone body is resilient. (AC +9)
You are immune to poison.
You resist negative energy. (rN+)
You are resistant to electric shocks. (rElec)
You are resistant to unholy torment.
You are immune to petrification.
You possess an exceptional clarity of mind.
You are dopey. (Int -2)
You sometimes lose the ability to read scrolls when taking damage.


Message History

You are exhausted.
You feel yourself slow down.
You are no longer glowing.
You feel the effects of Trog's Hand fading.
You start resting.
Your skin stops crawling.
You feel less strong-willed.
You start resting.
You feel your willpower return.
You start resting.
You can read scrolls again.
You start resting.
HP restored.
You start waiting.
You feel yourself speed up.
You enter the shallow water.
Moving in this stuff is going to be slow.
You open the large door.
A merfolk impaler and a satyr come into view.
The satyr shoots an arrow.
The arrow hits you.
The merfolk impaler hits you from afar with a +9 trident!
There is a large open door here.
The satyr shoots an arrow.
The arrow hits you but does no damage.
The merfolk impaler hits you from afar with a +9 trident!
The merfolk impaler hits you but does no damage.
The satyr shoots an arrow.
The arrow hits you!
You feel threatened and lose the ability to read scrolls!
The merfolk impaler completely misses you.
You barely miss the merfolk impaler.
The satyr shoots an arrow.
The arrow hits you!!
The merfolk impaler hits you with a +9 trident.
Your skin crawls.
You feel strong-willed.
Splash!
You fall into the shallow water.
Moving in this stuff is going to be slow.
The merfolk impaler hits you but does no damage.
The satyr shoots an arrow.
The arrow hits you!!
* * * LOW HITPOINT WARNING * * *
The merfolk impaler hits you with a +9 trident!
You die...

≈..##≈≈≈≈≈≈≈≈##≈≈#
#≈P≈≈PPP.P
≈.###≈≈≈≈≈≈≈≈#≈≈≈#
#≈≈≈≈≈..P.
≈≈...≈≈≈≈≈≈≈##≈≈≈#
##P≈.P.P.#
≈≈...≈≈≈≈≈≈##≈≈≈≈###
##).#...#
≈≈....≈≈≈≈≈#8)≈≈##8##
#..#>P..
≈≈....≈≈.≈≈##))##...##
#..P..≈.
≈≈≈≈≈....≈≈#8≈≈#.....#
#P..≈≈.P
≈≈≈≈≈....≈≈##≈≈#m....#
#...≈P..
...≈<.##.≈≈##≈≈'@....+
#P.P≈≈≈.
.....###.≈≈##≈≈'≈....+
###.....
.........≈≈##≈≈#≈....#
#.P...##
≈≈.......≈≈#8.≈#.c...#
#.....#
≈≈≈≈≈...≈≈.##≈.##...##
#.....#
≈≈≈≈≈≈.≈≈≈.#8≈.≈##8##
#.≈...#
≈≈≈≈≈≈≈≈≈≈≈##.≈≈≈###
#≈≈≈≈..# ≈≈≈≈≈.≈≈≈≈≈
##≈≈.# ##≈≈≈≈≈≈..
≈≈≈≈≈≈≈≈≈≈≈≈≈#≈≈≈#
#≈≈≈≈≈≈≈≈≈


You could see a merfolk impaler and a satyr.

Vanquished Creatures
  A hydra (Lair:2)
  2 two-headed ogres
  3 centaur warriors
  Amaemon (Lair:2)
  Nergalle (D:10)
  6 fauns (Shoals:1)
  A cyclops (D:9)
  3 manticores
  A merfolk siren (Shoals:1)
  2 black mambas
  3 cane toads (Lair:1)
  2 water nymphs (Shoals:1)
  An orange demon (Lair:2)
  A rime drake (Lair:1)
  A kobold demonologist (D:10)
  A komodo dragon (Lair:2)
  A troll (D:11)
  4 merfolk (Shoals:1)
  3 wind drakes (Shoals:1)
  5 blink frogs (Lair:3)
  Sigmund (D:2)
  6 dream sheep (Lair:3)
  A water elemental (Shoals:1)
  2 shadows
  7 wyverns
  A vampire (D:11)
  24 yaks
  3 basilisks
  Edmund (D:4)
  2 steam dragons
  An acid dragon (D:10)
  9 water moccasins
  A sky beast (D:6)
  3 orc warriors (D:9)
  2 ice beasts
  2 ogres
  12 wolves
  14 centaurs
  A kobold brigand (D:10)
  Blork the orc (D:5)
  11 bullfrogs
  A gnoll sergeant (D:9)
  9 scorpions
  9 wights
  5 killer bees (D:8)
  3 jellies
  6 electric eels
  A hound (D:5)
  12 orc priests
  2 gnoll shamans
  An iron imp (D:8)
  Ijyb (D:4)
  3 iguanas
  Natasha (thrice) (D:2)
  12 orc wizards
  14 gnolls
  11 adders
  2 shadow imps
  A white imp (D:5)
  3 worms
  3 dart slugs
  35 orcs
  8 endoplasms
  2 giant cockroaches
  5 goblins
  7 hobgoblins
  A quokka (D:2)
  5 ball pythons
  7 bats
  3 frilled lizards
  9 kobolds
  4 rats
336 creatures vanquished.

Vanquished Creatures (others)
  A two-headed ogre (D:11)
  15 fungi
  84 plants
100 creatures vanquished.

Grand Total: 436 creatures vanquished

Notes
Turn   | Place    | Note
-------+----------+-------------------------------------------
     0 | D:1      | sammy202020 the Gargoyle Berserker began the quest for the
                  | Orb.
     0 | D:1      | Reached XP level 1. HP: 14/14 MP: 1/1
   346 | D:1      | Reached XP level 2. HP: 19/19 MP: 2/2
   365 | D:1      | Found a faded altar of an unknown god.
   843 | D:2      | Reached XP level 3. HP: 21/24 MP: 3/3
  1028 | D:2      | Noticed Sigmund
  1066 | D:2      | Killed Sigmund
  1067 | D:2      | Reached XP level 4. HP: 30/30 MP: 4/4
  1067 | D:2      | Reached XP level 5. HP: 34/34 MP: 5/5
  1352 | D:2      | Noticed Natasha
  1372 | D:2      | Killed Natasha
  1373 | D:2      | Reached XP level 6. HP: 38/40 MP: 6/6
  1421 | D:2      | Found Vuruor's Magic Scroll Shop.
  1448 | D:2      | Noticed Natasha
  1467 | D:2      | Killed Natasha
  1512 | D:2      | Noticed Natasha
  1518 | D:2      | Killed Natasha
  1518 | D:2      | Reached ** piety under Trog
  1589 | D:3      | Noticed a +0 falchion
  1589 | D:3      | Noticed a +0 falchion
  1589 | D:3      | Noticed a +0 dagger
  1589 | D:3      | Noticed a +0 short sword
  1590 | D:3      | Noticed a +0 dagger
  1590 | D:3      | Noticed a +0 spear
  1591 | D:3      | Noticed a +0 short sword
  1591 | D:3      | Noticed a +0 spear
  1705 | D:3      | Found Vim Xase's General Store.
  1715 | D:3      | Bought a +0 dire flail for 52 gold pieces
  1715 | D:3      | Bought a +0 scale mail for 52 gold pieces
  1900 | D:3      | Found a hide-covered altar of Uskayaw.
  2030 | D:3      | Reached skill level 5 in Fighting
  2076 | D:3      | Identified the +0 cloak of the Orcish Mines {Regen+}
  2503 | D:4      | Noticed Edmund
  2518 | D:4      | Killed Edmund
  2519 | D:4      | Reached XP level 7. HP: 30/44 MP: 7/7
  2535 | D:4      | Gained mutation: Your magical capacity is low. (-10% MP)
                  | [potion of mutation]
  2535 | D:4      | Gained mutation: You sometimes lose the ability to read
                  | scrolls when taking damage. [potion of mutation]
  2535 | D:4      | Gained mutation: Your spells are a little harder to cast,
                  | but a little more powerful. [potion of mutation]
  2536 | D:4      | Lost mutation: Your magical capacity is low. (-10% MP)
                  | [potion of mutation]
  2536 | D:4      | Lost mutation: Your spells are a little harder to cast, but
                  | a little more powerful. [potion of mutation]
  2536 | D:4      | Gained mutation: You possess an exceptional clarity of
                  | mind. [potion of mutation]
  2536 | D:4      | Gained mutation: You are dopey. (Int -2) [potion of
                  | mutation]
  2566 | D:4      | Noticed Ijyb
  2570 | D:4      | Paralysed by Ijyb for 3 turns
  2586 | D:4      | Killed Ijyb
  2621 | D:4      | Reached skill level 5 in Maces & Flails
  2621 | D:4      | Reached skill level 5 in Armour
  2629 | D:5      | Entered Level 5 of the Dungeon
  2727 | D:5      | Noticed Blork the orc
  2735 | D:5      | Killed Blork the orc
  2809 | D:5      | Reached XP level 8. HP: 48/51 MP: 8/8
  2884 | D:5      | Noticed a yak
  2899 | D:5      | Killed a yak
  2899 | D:5      | Reached *** piety under Trog
  3225 | D:5      | Found a sparkling altar of Nemelex Xobeh.
  3349 | D:5      | Found a white marble altar of Elyvilon.
  3695 | D:6      | Found a radiant altar of Vehumet.
  3701 | D:6      | Found a sacrificial altar of Ru.
  3708 | D:6      | Found a broken altar of Ashenzari.
  3708 | D:6      | Found a shimmering altar of Xom.
  3715 | D:6      | Found an ornate altar of the Wu Jian Council.
  3766 | D:6      | Reached XP level 9. HP: 57/57 MP: 9/9
  4007 | D:6      | Found a staircase to the Ecumenical Temple.
  4052 | Temple   | Entered the Ecumenical Temple
  4421 | D:6      | Found a glowing golden altar of the Shining One.
  4662 | D:7      | Found an iron altar of Okawaru.
  5042 | D:7      | Reached **** piety under Trog
  5259 | D:8      | Noticed a centaur warrior
  5265 | D:8      | Killed a centaur warrior
  5266 | D:8      | Reached XP level 10. HP: 52/66 MP: 10/10
  5331 | D:8      | Found a basalt altar of Yredelemnul.
  6323 | D:8      | Found a snail-covered altar of Cheibriados.
  6590 | D:9      | Found Guzall's Overcharged Wands.
  6735 | D:9      | Noticed a cyclops
  6753 | D:9      | Killed a cyclops
  6754 | D:9      | Reached skill level 5 in Dodging
  6757 | D:9      | Noticed a two-headed ogre
  6762 | D:9      | Killed a two-headed ogre
  6840 | D:9      | Reached skill level 10 in Fighting
  6879 | D:9      | Found a blossoming altar of Fedhas.
  6879 | D:9      | Found a shimmering blue altar of Sif Muna.
  6894 | D:9      | Found a stormy altar of Qazlal.
  6896 | D:9      | Found an opulent altar of Gozag.
  6898 | D:9      | Found a faded altar of an unknown god.
  7173 | D:10     | Entered Level 10 of the Dungeon
  7216 | D:10     | Found Jaohogooc's Antique Armour Shoppe.
  7216 | D:10     | Noticed Nergalle
  7234 | D:10     | Killed Nergalle
  7235 | D:10     | Reached XP level 11. HP: 68/73 MP: 11/11
  7507 | D:10     | Reached skill level 10 in Armour
  7545 | D:10     | Found Vung's Book Boutique.
  7702 | D:10     | Found Ruut Nat's Antique Armour Boutique.
  7860 | D:10     | Found Puagoh's Weapon Shoppe.
  7869 | D:10     | Reached ***** piety under Trog
  8384 | D:11     | Reached skill level 10 in Maces & Flails
  8390 | D:11     | Found a staircase to the Lair.
  8442 | D:11     | Noticed a centaur warrior
  8449 | D:11     | Killed a centaur warrior
  8459 | D:11     | Noticed a manticore
  8467 | D:11     | Killed a manticore
  8556 | D:11     | Noticed a manticore
  8563 | D:11     | Killed a manticore
  8762 | D:11     | Noticed a centaur warrior
  8762 | D:11     | Noticed a two-headed ogre
  8766 | D:11     | Killed a two-headed ogre
  8767 | D:11     | Reached XP level 12. HP: 69/80 MP: 12/12
  8775 | D:11     | Noticed a two-headed ogre
  8781 | D:11     | Killed a centaur warrior
  8787 | D:11     | Killed a two-headed ogre
  8984 | D:11     | Found a staircase to the Orcish Mines.
  9061 | Lair:1   | Entered Level 1 of the Lair of Beasts
  9150 | Lair:1   | Identified the +6 dagger "Catwoib" {protect, rElec Str-2
                  | Stlth+}
  9745 | Lair:2   | Identified the +12 great sword "Kusa" {flame, +Blink rPois
                  | rF-} (Trog gifted it to you on level 2 of the Lair of
                  | Beasts)
  9745 | Lair:2   | Received a gift from Trog
  9774 | Lair:2   | Noticed Amaemon
  9793 | Lair:2   | Killed Amaemon
  9887 | Lair:2   | Noticed a seven-headed hydra
  9896 | Lair:2   | Killed a seven-headed hydra
 10276 | Lair:3   | Found a staircase to the Shoals.
 10450 | Lair:3   | Reached XP level 13. HP: 78/88 MP: 13/13
 11115 | Shoals:1 | Entered Level 1 of the Shoals
 11675 | Shoals:1 | Reached skill level 1 in Shields
 11729 | Shoals:1 | Noticed a merfolk impaler
 11734 | Shoals:1 | Slain by a merfolk impaler

Illustrated notes

Levels and vault maps discovered:
D:1:      heliophobic_arrival_enchanted_forest, layout_basic,
          dreamdust_ecumenical_altar_statues
D:2:      layout_rooms, serial_shops, shop, minmay_door_square, uniq_sigmund,
          uniq_natasha
D:3:      minmay_inner_zag, layout_basic, nicolae_uskayaw_en_pointe,
          serial_shops, shop
D:4:      layout_basic, uniq_edmund, uniq_ijyb
D:5:      layout_loops_ring, mainiacjoe_overflow_alcove_4,
          nemelex_dance_club_becter, minmay_manual_macuahuitl,
          uniq_blork_the_orc
D:6:      layout_gridville, lemuel_coloured_pillars_altar,
          nicolae_overflow_hallway_of_the_gods, minmay_temple_entry_butterflies
D:7:      old_forge, layout_basic, lemuel_crystal_altar,
          chequers_decorated_corner, chequers_serial_rivers_marsh
D:8:      layout_layer_cave, chei_slow_surprise, yredelemnul_altar_generic,
          minmay_fountain_box, kennysheep_boxes
D:9:      layout_loops_cross, chequers_temple_overflow_minitemple,
          chequers_serial_rivers_marsh, nicolae_shop_overcharged_wands
D:10:     layout_loops_corners, serial_shops, nicolae_shop_statue_plus, shop,
          nicolae_diamond_shop, nicolae_shop_bloodbath_and_beyond,
          kennysheep_path_1, uniq_nergalle
D:11:     layout_loops_ring, minmay_lair_entry_grove, orc_0_dummy, minivault_19,
          minmay_misc_feat_diagonals, disabler_island
Temple:   corrupted_temple
Lair:1:   layout_long_grid
Lair:2:   layout_long_grid, serial_bayou_lagoon_b, uniq_amaemon
Lair:3:   layout_small_grid, minmay_shoals_entry_centaurs, serial_bayou_shore_b,
          grunt_megastairs_5, lemuel_fruit_tree, serial_bayou_shore_a
Shoals:1: cheibrodos_shoals_oceanic_diplomacy, layout_shoals

Skill      XL: |  1  2  3  4  5  6  7  8  9 10 11 12 13 |
---------------+----------------------------------------+-----
Fighting       | 4 5 6 7 9 10 11 13 | 13.6
Maces & Flails | 4 5 6 8 9 10 11 12 | 12.5
Armour         | 3 4 5 6 8 9 11 12 13 | 13.3
Dodging        | 2 3 4 5 6 7 |  7.4
Shields        | 1 |  1.3

Action                   |  1- 3 |  4- 6 |  7- 9 | 10-12 | 13-15 || total
-------------------------+-------+-------+-------+-------+-------++-------
Melee: Mace              |    71 |       |       |       |       ||    71
       Flail             |    25 |    60 |       |       |       ||    85
       Unarmed           |       |    10 |       |       |       ||    10
       Dire flail        |       |    64 |   140 |       |       ||   204
       Morningstar       |       |       |   147 |   589 |   161 ||   897
       Punch             |       |       |     1 |     6 |     4 ||    11
Invok: Berserk           |     1 |       |       |     1 |     1 ||     3
       Trog's Hand       |       |       |       |     1 |     2 ||     3
  Use: Scroll            |     4 |     4 |     4 |     7 |       ||    19
       Potion            |       |       |     2 |     1 |       ||     3
Armor: Ring mail         |    44 |       |       |       |       ||    44
       Animal skin       |     2 |       |       |       |       ||     2
       Robe              |       |    12 |       |       |       ||    12
       Scale mail        |       |    33 |    85 |       |       ||   118
       Skin              |       |    16 |       |       |       ||    16
       Plate armour      |       |       |    84 |   603 |   125 ||   812
Dodge: Dodged            |    52 |    55 |   140 |   375 |    62 ||   684

Table legend: (Time is in decaauts)
 A = Elapsed time spent in this place.
 B = Non-inter-level travel time spent in this place.
 C = Inter-level travel time spent in this place.
 D = Time resting spent in this place.
 E = Time spent auto-exploring this place.
 F = Levels seen in this place.
 G = Mean time per level.
                   A        B        C        D        E       F      G
               +--------+--------+--------+--------+--------+-----+--------+
         Total |  11892 |  11606 |    286 |     32 |   8118 |  16 |  743.2 |
       Dungeon |   9076 |   8899 |    177 |      1 |   6490 |  11 |  825.1 |
        Temple |     63 |     63 |      0 |      0 |     20 |   1 |   63.0 |
          Lair |   2063 |   1983 |     80 |      0 |   1294 |   3 |  687.7 |
        Shoals |    688 |    659 |     29 |     31 |    313 |   1 |  688.0 |
               +--------+--------+--------+--------+--------+-----+--------+

Top non-repeatable levels by time:
     D:8: 1205 daAuts
    D:10: 1038 daAuts
     D:5: 1001 daAuts
     D:6: 953 daAuts
  Lair:3: 907 daAuts
    D:11: 847 daAuts
     D:1: 842 daAuts
     D:2: 787 daAuts
     D:9: 757 daAuts
Shoals:1: 688 daAuts
     D:3: 667 daAuts
     D:7: 595 daAuts
  Lair:2: 595 daAuts
  Lair:1: 560 daAuts
     D:4: 379 daAuts
